 Dungeon Crawl Stone Soup version 0.31.0-11-ge490571c62 (webtiles) character file.

Game seed: 7617465863450200014

1421 sanka the Martial Artist (level 8, -2/58 HPs)
             Began as a Merfolk Shapeshifter on Feb 3, 2024.
             Slain by a vampire (13 damage)
             ... on level 6 of the Dungeon.
             The game lasted 00:09:02 (7166 turns).

sanka the Martial Artist (Merfolk Shapeshifter)     Turns: 7166, Time: 00:09:02

Health: -2/58      AC:  2    Str: 15    XL:     8   Next: 72%
Magic:  8/8        EV: 22    Int:  9    God:
Gold:   282        SH:  0    Dex: 21    Spells: 7/7 levels left

rFire   . .          .
                       - Unarmed
rCold   . . .        (shield currently unavailable)
rNeg    . . .        a - melded +0 animal skin
rPois   .            u - +0 helmet
rElec   .            x - +0 cloak
rCorr   +            (no gloves)
SInv    .            (boots currently unavailable)
Will    .....        b - amulet of the acrobat
Stlth   +            K - +6 ring of dexterity
HPRegen 0.29/turn    k - ring of resist corrosion
MPRegen 0.11/turn

%: acrobat
@: confused, flux-form, ambrosia-drunk, glowing, very quick
A: glow, contaminating, nimble swimmer 2, mertail
a: Begin Untransformation


You were on level 6 of the Dungeon.
You were something dangerously unstable.
You visited 1 branch of the dungeon, and saw 6 of its levels.

You collected 282 gold pieces.


Innate Abilities, Weirdness & Mutations

You are something dangerously unstable.
You glow with magical radiation, making you easy to see and hit.
Foes you strike become dangerously contaminated with magical radiation.
You are incapable of wielding weapons or throwing items.
You are very nimble when in or above water. (Stealth+, EV+, Speed+++)
Your lower body shifts to a powerful aquatic tail in water.


   Skills:
 + Level 3.1 Fighting
 + Level 4.0 Dodging
 - Level 10.0 Unarmed Combat
 - Level 7.0 Shapeshifting


You had 7 spell levels left.
You didn't know any spells.
Your spell library contained the following spells:

 Spells                   Type           Power      Damage    Failure   Level
 Sandblast                Erth           0%         2d4       38%         1
 Lesser Beckoning         Tloc           0%         N/A       52%         2
 Mercury Vapours          Alch/Air       0%         N/A       52%         2
 Gell's Gravitas          Tloc           0%         N/A       77%         3
 Inner Flame              Hex/Fire       0%         N/A       77%         3
 Mephitic Cloud           Conj/Alch/Air  0%         N/A       77%         3
 Passwall                 Erth           0%         N/A       77%         3
 Stone Arrow              Conj/Erth      0%         3d7       77%         3
 Teleport Other           Tloc           0%         N/A       77%         3
 Brom's Barrelling Bould  Conj/Erth      0%         2d3       99%         4
 Flame Wave               Conj/Fire      0%         2d4       99%         4
 Sticky Flame             Fire/Alch      0%         2d4       99%         4
 Freezing Cloud           Conj/Ice/Air   0%         6-21      100%        5

Inventory:

Missiles
 B - 8 curare-tipped darts {=f}
Armour
 a - a +0 animal skin (melded)
 u - a +0 helmet (worn)
 x - a +0 cloak (worn)
Jewellery
 b - an amulet of the acrobat (around neck)
 k - a ring of resist corrosion (right hand)
 z - an amulet of reflection
 K - a +6 ring of dexterity (left hand)
Talismans
 c - a beast talisman
 d - a flux talisman (active)
 f - a maw talisman
Wands
 y - a wand of mindburst (10)
 A - a wand of paralysis (9)
 D - a wand of roots (7)
Scrolls
 e - 4 scrolls of identify {unknown}
 j - 2 scrolls of fear {unknown}
 o - 3 scrolls of teleportation {unknown}
 p - a scroll of brand weapon {unknown}
 q - 3 scrolls of summoning {unknown}
 r - 2 scrolls of fog {unknown}
 t - 2 scrolls of silence {unknown}
 C - a scroll of blinking {unknown}
 G - 2 scrolls of immolation {unknown}
 J - a scroll of noise {unknown}
Potions
 g - a potion of heal wounds {unknown}
 h - a potion of berserk rage {unknown}
 i - a potion of ambrosia
 l - a potion of resistance {unknown}
 m - 3 potions of haste {unknown}
 n - 2 potions of curing {unknown}
 s - 2 potions of might {unknown}
 v - a potion of attraction {unknown}
 w - a potion of degeneration {unknown}
 E - a potion of enlightenment {unknown}
 F - a potion of mutation {unknown}
 H - a potion of brilliance
 I - a potion of magic {unknown}

Dungeon Overview and Level Annotations

Branches:
Dungeon (6/15)
 Temple: D:4-7

Altars:
Hepliaklqana
Zin

Shops:
D:1

! ......~▒▒
▒▒.▒▒~▒▒~▒▒.....▒▒▒▒.▒▒
......~▒
▒.~.▒~~▒~▒▒.▒▒▒▒▒ ▒.▒
......~~~~▒▒.▒▒~~~~▒▒.▒
▒.▒
.........~▒.~.▒~..>......
..▒
........▒~▒▒.▒▒~▒▒▒▒▒▒▒▒▒
▒▒▒ ........▒~~▒.▒~~▒▒
........~ ▒▒'▒▒~~▒▒▒▒▒▒▒
........~▒▒~~~▒▒~.......
▒~~▒~~▒p▒.▒▒▒▒▒
.~~~▒▒▒~{~▒.▒ ...▒▒▒
▒.....▒ ▒▒ ▒▒▒▒▒▒▒


There were no monsters in sight!


Message History

The vampire draws life force from you!
The vampire is healed by the life force!
You punch the vampire!
The vampire shudders as magic cascades through it!
Something draws life force from you!
* * * LOW HITPOINT WARNING * * *
You closely miss something. Something hits you.
* * * LOW HITPOINT WARNING * * *
Something bites you.
* * * LOW HITPOINT WARNING * * *
Something draws strength from your injuries!
You closely miss something. You tail-slap something. You barely miss something.
Something misses you. Something closely misses you.
Unknown command.
You closely miss something. You tail-slap something. Something hits you.
* * * LOW HITPOINT WARNING * * *
Something bites you!
* * * LOW HITPOINT WARNING * * *
Something draws strength from your injuries!
Unknown command.
You are confused.
You feel invigorated. Something hits you!
You die...

Action                     |  1- 3 |  4- 6 |  7- 9 || total
---------------------------+-------+-------+-------++-------
  Melee: Unarmed           |    77 |   150 |   184 ||   411
         Punch             |     2 |     2 |     1 ||     5
         Tailslap          |       |     2 |     9 ||    11
  Evoke: Wand              |       |       |     4 ||     4
    Use: Potion            |       |       |     4 ||     4
   Stab: Sleeping          |     1 |     1 |       ||     2
 Armour: Animal skin       |    33 |    38 |       ||    71
         Skin              |       |    29 |   103 ||   132
  Dodge: Dodged            |    36 |    99 |   107 ||   242
  Block: Other             |       |     6 |    18 ||    24
         Reflection        |       |     1 |     1 ||     2
   Form: Flux              |       |     1 |       ||     1

Levels and vault maps discovered:
D:1:      wheals_arrival_linesprint, layout_loops_corners, serial_shops,
          shop_fountains, serial_forest, infiniplex_forest_clump_diagonal,
          infiniplex_forest_lined_2, infiniplex_forest_straight_2,
          infiniplex_forest_clump_medium, infiniplex_forest_clump_diagonal,
          infiniplex_forest_lined_3_way, hangedman_decor_clover_reticule
D:2:      layout_rooms, grunt_ministairs_6, minmay_nonomino_d4
D:3:      layout_basic, mainiacjoe_overflow_brackets,
          chequers_ecumenical_altar_island
D:4:      cheibrodos_thug_alley, layout_basic, uniq_ijyb
D:5:      nicolae_BIG_FREAKIN_CUBE, layout_cave_pools,
          mainiacjoe_overflow_alcove_1, grunt_ministairs_15,
          kennysheep_cross_bottleneck, minmay_door_square,
          kennysheep_another_room, chequers_serial_rivers_marsh
D:6:      layout_basic, grunt_decor_junction, kennysheep_doodads,
          minmay_manual_mullet

Notes
Turn   | Place    | Note
-------+----------+-------------------------------------------
     0 | D:1      | sanka the Merfolk Shapeshifter began the quest for the Orb.
     0 | D:1      | Reached XP level 1. HP: 15/15 MP: 1/1
   346 | D:1      | Reached XP level 2. HP: 19/21 MP: 2/2
   446 | D:1      | Found Dall's Distillery.
  1095 | D:2      | Reached skill level 5 in Shapeshifting
  1095 | D:2      | Reached XP level 3. HP: 22/26 MP: 3/3
  1377 | D:2      | Reached skill level 6 in Shapeshifting
  1377 | D:2      | Reached XP level 4. HP: 20/32 MP: 4/4
  2005 | D:3      | Found a faded altar of an unknown god.
  2250 | D:3      | Found a glowing silver altar of Zin.
  2537 | D:3      | Reached XP level 5. HP: 37/37 MP: 5/5
  2794 | D:4      | Reached skill level 7 in Shapeshifting
  2841 | D:4      | Noticed an ogre
  2967 | D:4      | Reached skill level 2 in Fighting
  3078 | D:3      | Reached skill level 4 in Unarmed Combat
  3115 | D:4      | Reached XP level 6. HP: 19/44 MP: 6/6
  3475 | D:4      | Reached skill level 5 in Unarmed Combat
  4052 | D:4      | Noticed Ijyb
  4063 | D:4      | Killed Ijyb
  4064 | D:4      | Reached skill level 6 in Unarmed Combat
  4354 | D:4      | Reached XP level 7. HP: 50/50 MP: 7/7
  4856 | D:5      | Entered Level 5 of the Dungeon
  4883 | D:5      | Reached skill level 7 in Unarmed Combat
  5231 | D:5      | Reached skill level 8 in Unarmed Combat
  5339 | D:5      | Found a hazy altar of Hepliaklqana.
  5554 | D:5      | Reached XP level 8. HP: 55/56 MP: 8/8
  6142 | D:4      | Reached skill level 9 in Unarmed Combat
  6790 | D:6      | Noticed a cyclops
  6837 | D:6      | Reached skill level 10 in Unarmed Combat
  7039 | D:6      | Reached skill level 3 in Dodging
  7072 | D:6      | Reached skill level 3 in Fighting
  7077 | D:6      | Reached skill level 4 in Dodging
  7131 | D:6      | Noticed a vampire
  7166 | D:6      | Slain by a vampire

Vanquished Creatures
  A sky beast (D:4)
  2 ice beasts
  A centaur (D:5)
  2 ogres (D:4)
  3 kobold brigands
  A howler monkey (D:6)
  A hound (D:6)
  A gnoll bouda (D:5)
  A jelly (D:5)
  3 orc priests
  A sleepcap (D:6)
  Ijyb (D:4)
  5 iguanas
  An orc wizard (D:5)
  8 gnolls
  9 adders
  A shadow imp (D:6)
  5 dart slugs
  A ribbon worm (D:2)
  10 orcs
  5 bats
  3 endoplasms
  2 giant cockroaches
  3 goblins
  3 hobgoblins
  8 jackals
  3 quokkas
  6 ball pythons
  4 frilled lizards
  19 kobolds
  3 rats
117 creatures vanquished.
